 Dungeon Crawl Stone Soup version 0.31.0-32-g396128a36d (webtiles) character file.

Game seed: 9638630169195422005

22695 PaiMei the Dealer of Despair (level 12, 0/99 HPs)
             Began as a Demonspawn Necromancer on Apr 5, 2024.
             Was an Elder of Kikubaaqudgha.
             Slain by a blink frog (12 damage)
             ... on level 3 of the Lair of Beasts.
             The game lasted 00:33:54 (18371 turns).

PaiMei the Dealer of Despair (DsNe)                Turns: 18371, Time: 00:33:54

Health: 0/99       AC:  8    Str:  9    XL:     12   Next: 65%
Magic:  5/26       EV: 23    Int: 20    God:    Kikubaaqudgha [****..]
Gold:   598        SH:  0    Dex: 18    Spells: 18/31 levels left

rFire   . . .        c - +4 whip (freeze)
rCold   . . .        (no shield)
rNeg    + . .        q - +2 robe {rN+}
rPois   +            G - +0 helmet
rElec   .            y - +0 cloak
rCorr   .            p - +1 pair of gloves
SInv    .            (no boots)
Will    .....        (no amulet)
Stlth   ++++         l - +5 ring of evasion
HPRegen 0.36/turn    M - ring of poison resistance
MPRegen 0.20/turn

%: no passive effects
@: no status effects
A: hooves 2, thin skeletal structure 2, powered by pain 2, demonic magic 1
a: Renounce Religion, Unearth Wretches


You were on level 3 of the Lair of Beasts.
You worshipped Kikubaaqudgha.
Kikubaaqudgha was greatly pleased with you.
You visited 3 branches of the dungeon, and saw 14 of its levels.
You also visited: Ossuary.

You collected 678 gold pieces.
You spent 80 gold pieces at shops.

Inventory:

Hand Weapons
 c - a +4 whip of freezing (weapon)
 f - a +0 dagger of speed
 E - a +3 trident of draining
 I - a +2 sling of flaming
Missiles
 m - 5 atropa-tipped darts (quivered)
 A - 9 poisoned darts
Armour
 p - a +1 pair of gloves (worn)
 q - a +2 robe of positive energy (worn)
 y - a +0 cloak (worn)
 F - an orb of mayhem
 G - a +0 helmet (worn)
 J - the +18 Lear's hauberk
   (You found it on level 8 of the Dungeon)
 K - a +0 hat of willpower
Jewellery
 l - a +5 ring of evasion (left hand)
 v - a ring of protection from cold
 M - a ring of poison resistance (right hand)
Wands
 a - a wand of roots (6)
 s - a wand of flame (44)
 H - a wand of charming (8)
Scrolls
 g - 4 scrolls of amnesia
 h - a scroll of butterflies {unknown}
 i - 5 scrolls of enchant armour
 j - 6 scrolls of teleportation
 o - a scroll of enchant weapon {unknown}
 r - a scroll of fear {unknown}
 w - 4 scrolls of identify
 z - a scroll of revelation {unknown}
 N - a scroll of fog {unknown}
 O - a scroll of immolation {unknown}
Potions
 b - a potion of magic
 d - a potion of enlightenment {unknown}
 e - 2 potions of heal wounds
 k - 9 potions of curing
 n - 2 potions of mutation
 t - a potion of might {unknown}
 u - 2 potions of berserk rage
 x - a potion of invisibility {unknown}
 B - 2 potions of degeneration {unknown}
 C - a potion of ambrosia {unknown}
 D - 3 potions of attraction {unknown}
 L - a potion of lignification {unknown}


   Skills:
 + Level 10.8 Fighting
 + Level 10.1 Dodging
 - Level 2.0 Stealth
 + Level 10.2 Spellcasting
 + Level 12.6 Necromancy


You had 18 spell levels left.
You knew the following spells:

 Your Spells              Type           Power      Damage    Failure   Level
a - Necrotise             Necr           100%       1d9       1%          1
b - Vampiric Draining     Necr           57%        2d10      1%          3
c - Animate Dead          Necr           57%        N/A       1%          4
d - Curse of Agony        Necr           57%        N/A       1%          5

Your spell library contained the following spells:

 Spells                   Type           Power      Damage    Failure   Level
 Cigotuvi's Dreadful Rot  Necr/Alch/Air  54%        N/A       1%          2
 Sublimation of Blood     Necr           57%        N/A       1%          2
 Fugue of the Fallen      Necr           57%        N/A       1%          3
 Dispel Undead            Necr           57%        3d20      1%          4
 Anguish                  Hex/Necr       17%        N/A       4%          4
 Martyr's Knell           Necr/Summ      35%        N/A       4%          4
 Magic Dart               Conj           40%        1d5       7%          1
 Searing Ray              Conj           20%        2d5       11%         2
 Stone Arrow              Conj/Erth      20%        3d8       21%         3
 Volatile Blastmotes      Fire/Tloc      20%        2d11      21%         3
 Animate Armour           Summ/Erth      20%        N/A       56%         4
 Fulminant Prism          Conj/Alch      5%         3d7       56%         4
 Iskenderun's Mystic Bla  Conj/Tloc      10%        2d4       56%         4
 Petrify                  Alch/Erth      10%        N/A       56%         4
 Summon Lightning Spire   Summ/Air       10%        N/A       56%         4
 Vhi's Electric Charge    Tloc/Air       20%        N/A       56%         4
 Irradiate                Conj/Alch      5%         3d13      88%         5
 Lee's Rapid Deconstruct  Erth           5%         3d6*      88%         5
 Lehudib's Crystal Spear  Conj/Erth      5%         10d3      100%        8


Dungeon Overview and Level Annotations

Branches:
Dungeon (10/15)            Temple (1/1) D:6            Lair (3/5) D:9
 Shoals (0/4) Lair:2       Spider (0/4) Lair:2      Ossuary (visited)
    Orc: D:9-12

Altars:
Ashenzari
Cheibriados
Dithmenos
Fedhas
Gozag
Hepliaklqana
Kikubaaqudgha
Makhleb
Nemelex Xobeh
Okawaru
Qazlal
Ru
Sif Muna
Trog
Uskayaw
Vehumet
Wu Jian
Xom
Yredelemnul

Shops:
D:6 !   D:9 [

Annotations:
D:3 1 runed translucent door, Crazy Yiuf
Lair:1 2 transporters
Lair:3 Amaemon


Innate Abilities, Weirdness & Mutations

You have hoof-like feet.
You have a moderately thin skeletal structure. (Dex +4, Stealth++)
You sometimes gain power by taking damage.
Spells you cast may paralyse adjacent enemies.


Message History

The blink frog blinks!
The basilisk bites you but does no damage.
The basilisk gazes at you. You resist with some effort. The basilisk bites you!
* * * LOW HITPOINT WARNING * * *
The basilisk bites you!
* * * LOW HITPOINT WARNING * * *
You turn to flesh and can move again.
Unknown command.
Unknown command.
Unknown command.
Casting: Vampiric Draining (safe; 1% risk of failure)
Confirm with . or Enter, or press ? or * to list all spells.
Aiming: Vampiric Draining (safe; 1% risk of failure)
Press: ? - help, Shift-Dir - straight line, f - basilisk
Aim: a basilisk (heavily wounded)
You draw life force from the basilisk!
You feel life coursing into your body. Malevolent energies surge around you.
The basilisk bites you!
* * * LOW HITPOINT WARNING * * *
The blink frog blinks!
Casting: Vampiric Draining (safe; 1% risk of failure)
Confirm with . or Enter, or press ? or * to list all spells.
Aiming: Vampiric Draining (safe; 1% risk of failure)
Press: ? - help, Shift-Dir - straight line, f/p - basilisk
Aim: a basilisk (severely wounded)
You draw life force from the basilisk.
You feel life coursing into your body. Malevolent energies surge around you.
The basilisk misses you.
Casting: Vampiric Draining (safe; 1% risk of failure)
Confirm with . or Enter, or press ? or * to list all spells.
Aiming: Vampiric Draining (safe; 1% risk of failure)
Press: ? - help, Shift-Dir - straight line, f/p - basilisk
Aim: a basilisk (almost dead)
You draw life force from the basilisk!
You kill the basilisk!
Kikubaaqudgha accepts your kill.
You feel life coursing into your body. Malevolent energies surge around you.
The blink frog hits you!
You die...
Kikubaaqudgha rasps: "You have failed me!
Welcome... death!"

#..#.....................
P##............####..###.#
..............## #.P#
....<##.......## #..#
#.....#.....#.P# #>.#
...P##.....F#.### #Z##
....#...........###l#
.P.....#....P....#.F#
................@##.###
.##...#.....#..F##.F#.# .
#..................## .##
##.#.#.#.#..........#....
.###.#.#..............
..###...........P### #.#
#.#......###..# ..
#.##....$P##..## .
#.#..#...§P...###.#.


You could see 2 blink frogs.

Vanquished Creatures
  Gastronok (D:9)
  A catoblepas (Lair:3)
  An oklob plant (D:7)
  2 black mambas
  Joseph (D:9)
  An orange demon (Lair:3)
  3 cane toads
  A rime drake (Lair:3)
  Jeremiah (D:7)
  9 komodo dragons
  A troll (D:8)
  4 merfolk (Lair:2)
  A blink frog (Lair:3)
  3 wyverns
  28 yaks
  4 basilisks
  A steam dragon (D:9)
  Grum (D:9)
  6 water moccasins
  Duvessa (D:5)
  A sky beast (D:8)
  3 black bears
  2 ogres (D:6)
  An orc warrior (D:8)
  3 ice beasts
  An ogre (shapeshifter) (D:9)
  8 wolves
  A kobold brigand (D:8)
  A weeping skull (Ossuary)
  3 elf zombies (Ossuary)
  6 bullfrogs
  2 scorpions (D:4)
  Dowan (D:5)
  10 killer bees (D:7)
  2 howler monkeys
  2 centaur zombies (Ossuary)
  9 jellies (D:7)
  A human zombie (Ossuary)
  5 bombardier beetles
  7 hounds
  A spectral scorpion (Ossuary)
  4 orc priests
  Jessica (D:3)
  3 sleepcaps
  3 orc wizards
  5 iguanas
  3 mummies (Ossuary)
  8 gnolls
  6 adders
  2 white imps
  2 ufetubi (D:7)
  5 adder zombies (Ossuary)
  5 dart slugs
  22 orcs
  16 endoplasms
  4 giant cockroaches
  3 gnoll zombies (Ossuary)
  8 goblins
  2 hobgoblins
  2 jackals (D:3)
  3 quokkas
  9 ball pythons
  3 ball python zombies (Ossuary)
  4 bats
  A frilled lizard (D:1)
  6 jackal zombies (Ossuary)
  10 kobolds
  5 kobold zombies (Ossuary)
  4 rats
290 creatures vanquished.

Vanquished Creatures (collateral kills)
  A hydra (Lair:3)
  Nergalle (Lair:1)
  2 cane toads (Lair:2)
  2 komodo dragons (Lair:1)
  9 yaks
  2 redbacks (Lair:2)
  2 water moccasins (Lair:2)
  2 iguanas (Lair:3)
  An orc (D:3)
  2 ball pythons (D:3)
  A rat (D:2)
25 creatures vanquished.

Vanquished Creatures (others)
  A black mamba zombie (Lair:3)
  A blink frog zombie (Lair:3)
  A rime drake zombie (Lair:3)
  3 komodo dragon zombies
  4 yak zombies (Lair:2)
10 creatures vanquished.

Grand Total: 325 creatures vanquished

Notes
Turn   | Place    | Note
-------+----------+-------------------------------------------
     0 | D:1      | PaiMei the Demonspawn Necromancer began the quest for the
                  | Orb.
     0 | D:1      | Reached XP level 1. HP: 13/13 MP: 3/3
   443 | D:1      | Gained mutation: You have a somewhat thin skeletal
                  | structure. (Dex +2, Stealth+) [demonic ancestry]
   443 | D:1      | Reached XP level 2. HP: 19/19 MP: 1/5
   837 | D:1      | You fall into a shaft and drop 1 floor!
   993 | D:2      | Reached XP level 3. HP: 25/25 MP: 0/6
  1232 | D:2      | Reached skill level 1 in Fighting
  1671 | D:3      | Gained mutation: You have a moderately thin skeletal
                  | structure. (Dex +4, Stealth++) [demonic ancestry]
  1671 | D:3      | Reached XP level 4. HP: 32/32 MP: 1/7
  1930 | D:3      | Reached skill level 5 in Necromancy
  2100 | D:3      | Noticed Jessica
  2235 | D:3      | Killed Jessica
  2388 | D:3      | Learned a level 3 spell: Vampiric Draining
  2422 | D:3      | Reached XP level 5. HP: 38/38 MP: 5/9
  2566 | D:3      | Got the Information on Gusts and the Anticline
  2592 | D:3      | Found a runed translucent door.
  2593 | D:3      | Noticed Crazy Yiuf
  2735 | D:3      | Found a hazy altar of Hepliaklqana.
  3199 | D:4      | Identified the +1 whip of Disaster {antimagic, rPois Str+3
                  | Int+3}
  3326 | D:4      | Gained mutation: You have large cloven feet. [demonic
                  | ancestry]
  3326 | D:4      | Reached XP level 6. HP: 40/46 MP: 9/11
  3688 | D:4      | Identified the +7 falchion of the Wasteland {antimagic, rF+
                  | Dex+2}
  3940 | D:5      | Entered Level 5 of the Dungeon
  3954 | D:5      | Found a hide-covered altar of Uskayaw.
  4037 | D:5      | Reached skill level 6 in Necromancy
  4037 | D:5      | Gained mutation: You sometimes gain a little power by
                  | taking damage. [demonic ancestry]
  4037 | D:5      | Reached XP level 7. HP: 49/52 MP: 7/12
  5065 | D:5      | Noticed Duvessa
  5068 | D:5      | Noticed Dowan
  5395 | D:5      | Killed Duvessa
  5505 | D:5      | Killed Dowan
  5506 | D:5      | Gained mutation: Spells you cast may paralyse adjacent
                  | enemies. [demonic ancestry]
  5506 | D:5      | Reached XP level 8. HP: 58/60 MP: 8/14
  5996 | D:6      | Reached skill level 7 in Necromancy
  6005 | D:6      | Reached skill level 5 in Dodging
  6005 | D:6      | Reached skill level 5 in Spellcasting
  6091 | D:6      | Found a staircase to the Ecumenical Temple.
  6127 | D:6      | Noticed a two-headed ogre
  6149 | Temple   | Entered the Ecumenical Temple
  6165 | Temple   | Became a worshipper of Kikubaaqudgha
  6200 | D:6      | Found Pyllougud's Distillery.
  6218 | D:6      | Bought a potion of curing for 30 gold pieces
  6218 | D:6      | Bought a potion of heal wounds for 50 gold pieces
  6266 | D:6      | Reached skill level 5 in Fighting
  7179 | D:7      | Gained mutation: You sometimes gain power by taking damage.
                  | [demonic ancestry]
  7179 | D:7      | Reached XP level 9. HP: 40/68 MP: 1/17
  7337 | D:7      | Noticed Jeremiah
  7376 | D:7      | Noticed an oklob plant
  7427 | D:7      | Reached skill level 8 in Necromancy
  7435 | D:7      | Found a sand-covered staircase.
  7444 | Ossuary  | Entered an ossuary
  7669 | Ossuary  | Reached * piety under Kikubaaqudgha
  7669 | Ossuary  | Received a gift from Kikubaaqudgha
  8429 | D:7      | Noticed a komodo dragon
  8462 | D:7      | Killed a komodo dragon
  8892 | D:7      | Reached ** piety under Kikubaaqudgha
  8946 | D:7      | Killed Jeremiah
  8947 | D:7      | Reached skill level 9 in Necromancy
  9393 | D:7      | Killed an oklob plant
  9394 | D:7      | Reached XP level 10. HP: 25/79 MP: 4/20
 10873 | D:8      | Found a sparkling altar of Nemelex Xobeh.
 11029 | D:8      | Found the +18 Lear's hauberk
 11043 | D:8      | Reached skill level 10 in Necromancy
 11376 | D:9      | Noticed Gastronok
 11534 | D:9      | Noticed Grum
 11544 | D:9      | Killed Grum
 11729 | D:9      | Noticed Joseph
 11749 | D:9      | Found a staircase to the Lair.
 11824 | D:9      | Killed Joseph
 11951 | D:9      | Reached *** piety under Kikubaaqudgha
 11951 | D:9      | Received a gift from Kikubaaqudgha
 11962 | D:9      | Reached XP level 11. HP: 87/87 MP: 4/23
 12130 | D:9      | Noticed a two-headed ogre
 12162 | D:9      | Killed Gastronok
 12354 | D:9      | Found an iron altar of Okawaru.
 12644 | D:9      | Found Rixzuysum's Armour Emporium.
 12766 | D:10     | Entered Level 10 of the Dungeon
 13067 | Lair:1   | Entered Level 1 of the Lair of Beasts
 13124 | Lair:1   | Noticed Nergalle
 13142 | Lair:1   | Noticed a spectral orc warlord
 13240 | Lair:1   | Learned a level 4 spell: Animate Dead
 13246 | Lair:1   | Learned a level 5 spell: Curse of Agony
 13368 | Lair:1   | Found a transporter.
 13785 | Lair:1   | Reached skill level 11 in Necromancy
 14322 | Lair:1   | Killed Nergalle
 14642 | Lair:1   | Found a transporter.
 15111 | Lair:2   | Reached **** piety under Kikubaaqudgha
 15112 | Lair:2   | Gained mutation: You have hoof-like feet. [demonic
                  | ancestry]
 15112 | Lair:2   | Reached XP level 12. HP: 89/97 MP: 1/25
 15258 | Lair:2   | Reached skill level 10 in Fighting
 15412 | Lair:2   | Found a hide-covered altar of Uskayaw.
 15471 | Lair:2   | Found a hole to the Spider Nest.
 15905 | Lair:2   | Found a staircase to the Shoals.
 16462 | Lair:2   | Reached skill level 12 in Necromancy
 16702 | Lair:3   | Noticed a seven-headed hydra
 17232 | Lair:3   | Noticed Amaemon
 17385 | Lair:3   | Killed a seven-headed hydra
 18006 | Lair:3   | Noticed a catoblepas
 18014 | Lair:3   | Killed a catoblepas
 18015 | Lair:3   | Reached skill level 10 in Dodging
 18015 | Lair:3   | Reached skill level 10 in Spellcasting
 18371 | Lair:3   | Slain by a blink frog

Illustrated notes

Levels and vault maps discovered:
D:1:      onia_arrival_mini_spirals, layout_loops_ring
D:2:      layout_basic, basic_altar
D:3:      layout_rooms, mainiacjoe_overflow_swirl, uniq_jessica,
          uniq_crazy_yiuf_cottage
D:4:      layout_basic, dk_noncrumbling_3
D:5:      layout_gridville, overflow_temple_1_default,
          mainiacjoe_overflow_brackets, uniq_duvessa
D:6:      layout_cave_pods, minmay_temple_entry_overgrown, serial_shops,
          nicolae_shop_waterfront, minmay_manual_monolith
D:7:      lemuel_slime, layout_basic, lightli_ossuary_entry_decrepit_ruins,
          kennysheep_nondescript, uniq_jeremiah
D:8:      layout_gridville, overflow_temple_1_default,
          eino_small_chamber_without_monster, hellmonk_guarded_unrand_lears
D:9:      layout_roguey, amcnicky_altar_gilded, serial_shops,
          kennysheep_mini_moat, uniq_gastronok, uniq_joseph, uniq_grum
D:10:     layout_gridville, serial_shops, kennysheep_mini, enter_trove_5
Temple:   eino_temple_rhombus
Lair:1:   gammafunk_worm_tunnel, layout_gridlike, minivault_19,
          grunt_megastairs_2, uniq_nergalle
Lair:2:   layout_hall_layers, elwin_shoals_entry_stream, spider_nest_entry_webs,
          basic_altar
Lair:3:   beast_lair_carwin_large_4, layout_loops_ring,
          nicolae_volcano_entry_s_turn, uniq_amaemon

Skill      XL: |  1  2  3  4  5  6  7  8  9 10 11 12 |
---------------+-------------------------------------+-----
Dodging        | 2 3 4 5 6 8 9 10 | 10.1
Stealth        | 2 |  2.0
Fighting       | 1 2 3 4 5 7 8 9 10 | 10.8
Necromancy     | 5 6 7 9 10 11 12 | 12.6
Spellcasting   | 3 4 5 7 8 9 10 | 10.2

Action                     |  1- 3 |  4- 6 |  7- 9 | 10-12 || total
---------------------------+-------+-------+-------+-------++-------
  Melee: Unarmed           |    21 |       |       |       ||    21
         Dagger            |     5 |       |       |       ||     5
         Whip              |       |    18 |   274 |   313 ||   605
         Kick              |       |     2 |   107 |   147 ||   256
         Punch             |       |       |     3 |     2 ||     5
   Cast: Necrotise         |    74 |   102 |   163 |    98 ||   437
         Vampiric Draining |       |     6 |    67 |   210 ||   283
         Curse of Agony    |       |       |       |    14 ||    14
         Animate Dead      |       |       |       |     7 ||     7
    Use: Scroll            |       |       |       |     6 ||     6
         Potion            |       |       |       |     1 ||     1
   Stab: Paralysed         |       |       |    19 |   108 ||   127
         Sleeping          |       |       |     4 |       ||     4
         Distracted        |       |       |     1 |       ||     1
 Armour: Robe              |    24 |    17 |   159 |   205 ||   405
  Dodge: Dodged            |    27 |    29 |   419 |   438 ||   913
